Map: 赛博森林-天梯版

Players

Neeb - Winner!

  • Race: Protoss Protoss

MaSa

  • Race: Terran Terran
  • League: Gold

Event: WESG 2018 Grand Finals

VOD

Have the link to the VOD?

Description

Time

  • Played on: March 11, 2019, 3:01 a.m.
  • Length: 5:16

All games in this series

Show
View Real Time Build Order
Export as new Build Order

Neeb Protoss - Winner!

Build Orders: 1 Gate Expand 

Get SALT Encoding   

  12  0:01  Probe  
  13  0:13  Probe  
  14  0:18  Pylon  
  14  0:24  Probe  
  15  0:32  Probe  
  15  0:40  Probe  
  15  0:41  Gateway  
  16  0:48  Assimilator  
  17  0:51  Probe  
  18  1:03  Probe  
  19  1:15  Probe  
  20  1:24  Nexus  
  20  1:34  Cybernetics Core  
  20  1:37  Probe  
  21  1:43  Assimilator  
  21  1:49  Probe  
  21  1:52  Pylon  
  23  2:01  Stalker, Probe  
  23  2:11  Warp Gate  
  23  2:14  Shield Battery  
  25  2:15  Probe  
  26  2:28  Probe  
  26  2:29  Stalker  
  27  2:36  Probe  
  30  2:41  Robotics Facility  
  30  2:43  Probe  
  31  2:48  Probe  
  32  2:55  Probe  
  32  2:56  Stalker  
  33  3:00  Probe  
  35  3:08  Probe  
  35  3:11  Shield Battery  
  36  3:16  Stalker, Probe  
  37  3:21  Warp Prism, Probe  
  42  3:34  Probe  
  42  3:36  Probe  
  44  3:45  Pylon  
  44  3:47  Probe  
  44  3:48  Probe  
  46  3:56  Immortal  
  46  4:03  Probe  
  46  4:04  Sentry, Pylon  
  46  4:05  Probe  
  52  4:15  Probe  
  53  4:17  Probe, Assimilator  
  53  4:20  Assimilator  
  54  4:24  Forge  
  54  4:27  Stalker, Probe  
  57  4:35  Probe  
  56  4:41  Probe  
  56  4:44  Observer  
  58  4:52  Stalker  
  60  4:54  Probe  
  60  4:58  Probe  
Show
View Real Time Build Order
Export as new Build Order

MaSa Terran 

Build Orders:  

Get SALT Encoding   

  12  0:00  SCV  
  13  0:12  SCV  
  14  0:17  Supply Depot  
  14  0:24  SCV  
  15  0:38  SCV  
  15  0:39  Barracks  
  16  0:52  Barracks  
  16  0:55  SCV  
  17  1:01  Refinery  
  17  1:07  SCV  
  18  1:26  Orbital Command, Marine  
  19  1:39  Barracks Tech Lab  
  19  1:41  Supply Depot  
  19  1:43  Marine  
  20  1:53  SCV  
  21  1:57  Marauder  
  23  2:02  Concussive Shells, Marine  
  23  2:05  SCV  
  25  2:14  Supply Depot  
  25  2:19  Marauder  
  25  2:20  Marine  
  25  2:21  SCV  
  29  2:32  Supply Depot  
  29  2:33  SCV  
  30  2:38  Marine  
  30  2:40  Marauder  
  33  2:45  SCV  
  34  2:57  SCV  
  32  3:08  Marine  
  32  3:09  SCV  
  36  3:13  Marauder  
  34  3:22  SCV  
  34  3:25  Command Center  
  33  3:32  Barracks Reactor  
  33  3:37  SCV  
  34  3:43  Barracks  
  34  3:49  SCV  
  34  3:53  Engineering Bay  
  35  3:57  Refinery  
  35  4:01  Marauder  
  37  4:03  SCV  
  35  4:15  Marine x2, SCV  
  36  4:22  Marauder  
  38  4:33  Barracks  
  38  4:34  SCV  
  36  4:39  Marine, Barracks Tech Lab  
  36  4:44  Marauder  
  38  4:45  Orbital Command  
  38  4:51  SCV  
  38  5:03  SCV  
Tags
 
Add a new tag
Caveats
  • Supply blocks, unpowered buildings, or Contaminate may cause inaccurate times.
  • Supply counts are checked every 10 seconds.